[ PARTIDA AOE2 · #477584318 ]
UnrankedPortugueses vs Spanish
[ ANÁLISIS DE REPETICIÓN · EXTRAÍDO DE LA PARTIDA GRABADA ]
Feudal
9:19
Castillos
23:33
Imperial
—
| APM promedio | 36.6 |
| APM pico | 63 |
| eAPM promedio | 17.9 |
| Aldeanos / militares | 69 / 58 |
Foco
⚔️ 30.7% · 🌾 69.3%
Archer ×54 · Militia ×4
Feudal
11:44
Castillos
15:01
Imperial
—
| APM promedio | 34.5 |
| APM pico | 86 |
| eAPM promedio | 16.6 |
| Aldeanos / militares | 62 / 18 |
Foco
⚔️ 32.6% · 🌾 67.4%
Knight ×12 · Scorpion ×4 · Conquistador ×1 · Battering Ram ×1
Feudal
10:42
Castillos
20:56
Imperial
—
| APM promedio | 36.6 |
| APM pico | 57 |
| eAPM promedio | 17.2 |
| Aldeanos / militares | 88 / 65 |
Foco
⚔️ 26.7% · 🌾 73.3%
Camel Scout ×58 · Scout Cavalry ×5 · Monk ×2
Feudal
11:31
Castillos
17:47
Imperial
—
| APM promedio | 38.8 |
| APM pico | 93 |
| eAPM promedio | 16.7 |
| Aldeanos / militares | 64 / 40 |
Foco
⚔️ 27.4% · 🌾 72.6%
Knight ×26 · Monk ×8 · Monaspa ×5 · Scout Cavalry ×1
Feudal
9:13
Castillos
29:39
Imperial
—
| APM promedio | 36.4 |
| APM pico | 62 |
| eAPM promedio | 18.1 |
| Aldeanos / militares | 72 / 70 |
Foco
⚔️ 37.0% · 🌾 63.0%
Spearman ×53 · Battering Ram ×17
Feudal
11:15
Castillos
17:05
Imperial
—
| APM promedio | 39.2 |
| APM pico | 74 |
| eAPM promedio | 20.8 |
| Aldeanos / militares | 107 / 43 |
Foco
⚔️ 31.3% · 🌾 68.7%
Cavalry Archer ×16 · Mangonel ×11 · Camel Scout ×9 · Knight ×7
Mapa de la partida
Recursos iniciales + cada clic de construcción. Líneas = muros · curvas = relieve. ◆ oro · ⬟ piedra · ● bayas · ✦ reliquia · ◌ hueco del cierre
Tu base· ✓ Cerrada en 23:33 · 55t muro · 2 puerta(s)
Base de Madbun· ✓ Cerrada en 15:01 · 4t muro · sin puerta
Base de B.Alejandro· ✓ Cerrada en 20:56 · 0t muro · sin puerta
Base de ChuckieMagnets· ✓ Cerrada en 17:47 · 65t muro · 2 puerta(s)
Base de [GDL] Good_Guys· ✓ Cerrada en 29:39 · 6t muro · sin puerta
Base de Boarderdudeman· ✓ Cerrada en 17:05 · 22t muro · 3 puerta(s)
Terreno inicial suavizado · ◌ = hueco del cierre detectado · pasá el cursor para detalles
Inputs por minuto
— weniaasdf - - Madbun
Build order — weniaasdf
Primeras 150 de 195 acciones detectadas
| 0:01 | Crear | Villager (Male) |
| 0:01 | Crear | Villager (Male) |
| 0:01 | Crear | Villager (Male) |
| 0:02 | Construir | House |
| 0:03 | Construir | House |
| 0:16 | Crear | Villager (Male) |
| 1:27 | Crear | Villager (Male) |
| 1:27 | Crear | Villager (Male) |
| 2:02 | Crear | Villager (Male) |
| 2:23 | Crear | Villager (Male) |
| 2:23 | Crear | Villager (Male) |
| 2:53 | Crear | Villager (Male) |
| 2:53 | Crear | Villager (Male) |
| 3:09 | Crear | Villager (Male) |
| 3:09 | Crear | Villager (Male) |
| 3:09 | Crear | Villager (Male) |
| 3:18 | Construir | Lumber Camp |
| 3:40 | Crear | Villager (Male) |
| 3:43 | Construir | House |
| 4:04 | Crear | Villager (Male) |
| 4:41 | Crear | Villager (Male) |
| 4:41 | Crear | Villager (Male) |
| 5:33 | Crear | Villager (Male) |
| 5:38 | Construir | Mining Camp |
| 5:42 | Crear | Villager (Male) |
| 6:23 | Crear | Villager (Male) |
| 6:31 | Investigar | Loom |
| 7:04 | Investigar | Feudal Age |
| 7:05 | Investigar | Feudal Age |
| 7:41 | Construir | House |
| 8:11 | Construir | Barracks |
| 8:16 | Construir | House |
| 8:58 | Crear | Militia |
| 8:58 | Crear | Militia |
| 8:58 | Crear | Militia |
| 9:19 | Edad | Edad Feudal |
| 9:20 | Construir | Archery Range |
| 9:23 | Investigar | Man-at-Arms (upgrade) |
| 9:24 | Crear | Villager (Male) |
| 9:30 | Construir | Mill |
| 9:51 | Crear | Militia |
| 9:58 | Crear | Villager (Male) |
| 10:01 | Construir | Blacksmith |
| 10:08 | Crear | Villager (Male) |
| 10:12 | Crear | Archer |
| 10:12 | Crear | Archer |
| 10:18 | Crear | Archer |
| 10:20 | Crear | Villager (Male) |
| 10:51 | Construir | House |
| 11:16 | Investigar | Fletching |
| 11:17 | Crear | Villager (Male) |
| 11:18 | Crear | Villager (Male) |
| 11:19 | Construir | House |
| 11:51 | Construir | House |
| 11:52 | Crear | Villager (Male) |
| 11:53 | Crear | Villager (Male) |
| 11:55 | Construir | Mill |
| 12:32 | Construir | House |
| 12:34 | Crear | Archer |
| 12:34 | Crear | Archer |
| 12:54 | Crear | Villager (Male) |
| 12:54 | Crear | Villager (Male) |
| 13:10 | Construir | Farm |
| 13:18 | Crear | Villager (Male) |
| 13:19 | Crear | Villager (Male) |
| 13:19 | Crear | Villager (Male) |
| 13:24 | Crear | Archer |
| 13:24 | Crear | Archer |
| 13:41 | Crear | Villager (Male) |
| 13:47 | Construir | Farm |
| 13:51 | Construir | Farm |
| 13:52 | Construir | Farm |
| 13:53 | Construir | Farm |
| 13:53 | Construir | Farm |
| 14:03 | Construir | House |
| 14:14 | Construir | Stone Wall |
| 14:15 | Construir | Stone Wall |
| 14:23 | Construir | Gate |
| 14:35 | Crear | Villager (Male) |
| 14:35 | Crear | Villager (Male) |
| 14:58 | Construir | Stone Wall |
| 15:00 | Construir | Stone Wall |
| 15:06 | Construir | Stone Wall |
| 15:07 | Construir | Stone Wall |
| 15:15 | Crear | Archer |
| 15:15 | Crear | Archer |
| 15:15 | Crear | Archer |
| 15:33 | Crear | Villager (Male) |
| 15:33 | Crear | Villager (Male) |
| 15:41 | Construir | Lumber Camp |
| 16:40 | Crear | Villager (Male) |
| 16:40 | Crear | Villager (Male) |
| 16:43 | Investigar | Horse Collar |
| 16:45 | Investigar | Double-Bit Axe |
| 16:46 | Investigar | Double-Bit Axe |
| 16:48 | Construir | Farm |
| 16:49 | Construir | Farm |
| 16:50 | Construir | Farm |
| 16:51 | Construir | Farm |
| 16:51 | Construir | Farm |
| 16:53 | Crear | Villager (Male) |
| 17:01 | Crear | Archer |
| 17:02 | Crear | Archer |
| 17:45 | Crear | Archer |
| 17:46 | Crear | Archer |
| 17:50 | Crear | Villager (Male) |
| 17:51 | Crear | Villager (Male) |
| 18:06 | Crear | Archer |
| 18:07 | Crear | Archer |
| 18:07 | Crear | Archer |
| 18:36 | Construir | Gate |
| 18:40 | Crear | Villager (Male) |
| 18:49 | Crear | Archer |
| 18:49 | Crear | Archer |
| 19:08 | Crear | Villager (Male) |
| 19:21 | Construir | Mining Camp |
| 19:35 | Crear | Villager (Male) |
| 19:47 | Construir | House |
| 19:47 | Construir | House |
| 19:48 | Construir | House |
| 19:53 | Crear | Archer |
| 20:10 | Crear | Villager (Male) |
| 20:53 | Investigar | Castle Age |
| 20:54 | Investigar | Castle Age |
| 21:05 | Crear | Archer |
| 21:10 | Construir | Archery Range |
| 21:16 | Crear | Archer |
| 21:22 | Crear | Villager (Male) |
| 21:22 | Crear | Villager (Male) |
| 22:44 | Crear | Archer |
| 22:44 | Crear | Archer |
| 23:29 | Crear | Archer |
| 23:30 | Crear | Archer |
| 23:33 | Edad | Edad de los Castillos |
| 23:33 | Construir | Archery Range |
| 23:35 | Crear | Villager (Male) |
| 23:35 | Crear | Villager (Male) |
| 23:44 | Construir | Mining Camp |
| 23:48 | Investigar | Crossbowman (upgrade) |
| 23:51 | Crear | Archer |
| 23:51 | Crear | Archer |
| 24:22 | Crear | Archer |
| 24:22 | Crear | Archer |
| 24:23 | Crear | Villager (Male) |
| 24:23 | Crear | Villager (Male) |
| 24:36 | Investigar | Bodkin Arrow |
| 24:38 | Crear | Villager (Male) |
| 24:38 | Crear | Villager (Male) |
| 24:39 | Crear | Archer |
| 24:40 | Crear | Archer |
Build order — Madbun
Primeras 150 de 169 acciones detectadas
| 0:02 | Construir | House |
| 0:04 | Construir | House |
| 0:10 | Crear | Villager (Male) |
| 0:22 | Crear | Villager (Male) |
| 0:23 | Crear | Villager (Male) |
| 0:23 | Crear | Villager (Male) |
| 1:26 | Crear | Villager (Male) |
| 1:56 | Construir | Lumber Camp |
| 2:22 | Crear | Villager (Male) |
| 2:23 | Crear | Villager (Male) |
| 3:18 | Crear | Villager (Male) |
| 3:19 | Crear | Villager (Male) |
| 3:19 | Crear | Villager (Male) |
| 3:35 | Construir | House |
| 4:00 | Crear | Villager (Male) |
| 4:00 | Crear | Villager (Male) |
| 4:21 | Crear | Villager (Male) |
| 4:43 | Construir | Mill |
| 4:48 | Crear | Villager (Male) |
| 5:01 | Crear | Villager (Male) |
| 5:02 | Crear | Villager (Male) |
| 5:02 | Investigar | Loom |
| 5:41 | Crear | Villager (Male) |
| 5:41 | Crear | Villager (Male) |
| 5:41 | Crear | Villager (Male) |
| 5:41 | Crear | Villager (Male) |
| 6:02 | Construir | House |
| 6:03 | Construir | House |
| 6:05 | Construir | House |
| 6:33 | Crear | Villager (Male) |
| 6:43 | Crear | Villager (Male) |
| 6:43 | Crear | Villager (Male) |
| 7:04 | Crear | Villager (Male) |
| 7:04 | Crear | Villager (Male) |
| 7:27 | Construir | Mining Camp |
| 7:36 | Crear | Villager (Male) |
| 8:28 | Crear | Villager (Male) |
| 8:28 | Crear | Villager (Male) |
| 8:28 | Crear | Villager (Male) |
| 8:35 | Crear | Villager (Male) |
| 8:41 | Crear | Villager (Male) |
| 8:50 | Crear | Villager (Male) |
| 9:03 | Construir | Mining Camp |
| 9:04 | Crear | Villager (Male) |
| 9:28 | Investigar | Feudal Age |
| 9:43 | Construir | Farm |
| 9:45 | Construir | Farm |
| 9:49 | Construir | Farm |
| 11:23 | Crear | Villager (Male) |
| 11:41 | Crear | Villager (Male) |
| 11:44 | Edad | Edad Feudal |
| 11:48 | Construir | Market |
| 11:51 | Construir | Blacksmith |
| 12:21 | Investigar | Castle Age |
| 12:40 | Crear | Villager (Male) |
| 12:54 | Construir | Farm |
| 13:07 | Investigar | Double-Bit Axe |
| 13:46 | Construir | Palisade Wall |
| 13:57 | Construir | Barracks |
| 14:35 | Construir | Stable |
| 14:39 | Construir | Palisade Wall |
| 14:58 | Construir | Farm |
| 14:59 | Construir | Farm |
| 14:59 | Construir | Farm |
| 14:59 | Construir | Farm |
| 15:01 | Construir | Farm |
| 15:01 | Edad | Edad de los Castillos |
| 15:06 | Crear | Knight ×2 |
| 15:20 | Construir | Farm |
| 15:21 | Construir | Farm |
| 15:28 | Construir | House |
| 15:37 | Investigar | Loom |
| 15:50 | Construir | Farm |
| 15:53 | Crear | Villager (Male) |
| 16:00 | Construir | Farm |
| 16:07 | Construir | Farm |
| 16:09 | Crear | Knight |
| 16:34 | Crear | Knight |
| 16:56 | Construir | Farm |
| 17:01 | Crear | Knight |
| 17:49 | Investigar | Scale Barding Armor |
| 18:08 | Crear | Knight |
| 18:08 | Crear | Knight |
| 18:48 | Crear | Villager (Male) |
| 18:48 | Crear | Villager (Male) |
| 19:10 | Construir | Town Center |
| 19:18 | Crear | Knight ×3 |
| 19:41 | Crear | Knight |
| 20:14 | Crear | Villager (Male) |
| 20:26 | Investigar | Husbandry |
| 20:33 | Investigar | Forging |
| 20:40 | Construir | Farm |
| 20:41 | Construir | Farm |
| 20:45 | Construir | Farm |
| 20:46 | Crear | Villager (Male) |
| 20:48 | Construir | Farm |
| 20:49 | Construir | Farm |
| 20:49 | Construir | Farm |
| 20:49 | Construir | Farm |
| 20:49 | Construir | Farm |
| 20:56 | Construir | Farm |
| 20:57 | Crear | Villager (Male) |
| 20:58 | Crear | Villager (Male) |
| 20:58 | Crear | Villager (Male) |
| 21:17 | Crear | Villager (Male) |
| 21:35 | Crear | Villager (Male) |
| 21:58 | Crear | Villager (Male) |
| 22:00 | Construir | Farm |
| 22:04 | Crear | Villager (Male) |
| 22:09 | Investigar | Man-at-Arms (upgrade) |
| 22:11 | Investigar | Gambesons |
| 23:11 | Crear | Villager (Male) |
| 23:24 | Construir | House |
| 23:24 | Construir | House |
| 23:31 | Crear | Villager (Male) |
| 23:32 | Crear | Villager (Male) |
| 23:32 | Crear | Villager (Male) |
| 24:59 | Construir | Stable |
| 24:59 | Construir | Stable |
| 25:05 | Crear | Villager (Male) |
| 25:05 | Crear | Villager (Male) |
| 25:05 | Crear | Villager (Male) |
| 25:48 | Crear | Knight |
| 25:54 | Construir | Siege Workshop |
| 25:56 | Crear | Villager (Male) |
| 25:57 | Crear | Villager (Male) |
| 26:00 | Crear | Villager (Male) |
| 26:00 | Crear | Villager (Male) |
| 26:00 | Crear | Villager (Male) |
| 26:06 | Crear | Villager (Male) |
| 26:07 | Crear | Villager (Male) |
| 26:18 | Crear | Battering Ram |
| 26:38 | Construir | Lumber Camp |
| 26:44 | Investigar | Wheelbarrow |
| 26:45 | Investigar | Town Watch |
| 26:51 | Crear | Scorpion |
| 26:56 | Investigar | Bloodlines |
| 26:59 | Investigar | Husbandry |
| 27:07 | Construir | Mining Camp |
| 27:50 | Construir | House |
| 27:51 | Construir | House |
| 27:52 | Construir | House |
| 27:53 | Construir | House |
| 27:53 | Construir | House |
| 28:08 | Construir | Outpost |
| 28:18 | Construir | House |
| 28:18 | Construir | House |
| 28:19 | Construir | House |
| 28:19 | Construir | House |
| 28:28 | Construir | Mining Camp |
Build order — B.Alejandro
Primeras 150 de 236 acciones detectadas
| 0:02 | Crear | Villager (Male) ×4 |
| 0:05 | Construir | House |
| 0:06 | Construir | House |
| 1:25 | Crear | Villager (Male) |
| 1:51 | Construir | Lumber Camp |
| 2:00 | Crear | Villager (Male) |
| 2:01 | Crear | Villager (Male) |
| 2:28 | Crear | Villager (Male) |
| 2:56 | Crear | Villager (Male) |
| 2:56 | Crear | Villager (Male) |
| 3:00 | Construir | House |
| 3:14 | Crear | Villager (Male) |
| 3:43 | Crear | Villager (Male) |
| 4:03 | Crear | Villager (Male) |
| 4:03 | Crear | Villager (Male) |
| 4:44 | Crear | Villager (Male) |
| 4:46 | Construir | House |
| 4:50 | Crear | Villager (Male) |
| 4:50 | Crear | Villager (Male) |
| 5:19 | Crear | Villager (Male) |
| 5:20 | Crear | Villager (Male) |
| 6:02 | Crear | Villager (Male) |
| 6:32 | Crear | Villager (Male) |
| 7:01 | Crear | Villager (Male) |
| 7:19 | Construir | Mining Camp |
| 7:38 | Construir | Mill |
| 8:07 | Crear | Villager (Male) |
| 8:29 | Investigar | Feudal Age |
| 9:44 | Construir | House |
| 9:49 | Construir | Barracks |
| 10:33 | Crear | Villager (Male) |
| 10:33 | Crear | Villager (Male) |
| 10:42 | Edad | Edad Feudal |
| 10:48 | Investigar | Double-Bit Axe |
| 10:49 | Investigar | Horse Collar |
| 11:06 | Construir | Stable |
| 11:17 | Crear | Villager (Male) |
| 11:34 | Construir | Lumber Camp |
| 11:56 | Crear | Villager (Male) |
| 11:58 | Construir | House |
| 12:05 | Crear | Scout Cavalry |
| 12:06 | Crear | Scout Cavalry |
| 12:09 | Construir | House |
| 12:32 | Crear | Villager (Male) |
| 12:32 | Crear | Villager (Male) |
| 12:37 | Construir | Farm |
| 12:40 | Construir | Farm |
| 12:40 | Construir | Farm |
| 12:44 | Construir | Farm |
| 12:45 | Construir | Farm |
| 12:57 | Crear | Scout Cavalry |
| 13:16 | Crear | Villager (Male) |
| 13:25 | Construir | Farm |
| 13:34 | Construir | Farm |
| 13:37 | Construir | Farm |
| 13:40 | Construir | Farm |
| 13:45 | Crear | Scout Cavalry |
| 13:49 | Construir | Blacksmith |
| 14:06 | Construir | Farm |
| 14:08 | Construir | Farm |
| 14:09 | Crear | Villager (Male) |
| 14:09 | Crear | Villager (Male) |
| 14:26 | Construir | Farm |
| 14:35 | Construir | House |
| 14:58 | Construir | Farm |
| 14:59 | Crear | Villager (Male) |
| 15:01 | Construir | Farm |
| 15:13 | Crear | Villager (Male) |
| 15:26 | Investigar | Scale Barding Armor |
| 15:30 | Crear | Villager (Male) |
| 15:44 | Crear | Scout Cavalry |
| 15:54 | Construir | House |
| 16:12 | Construir | Mining Camp |
| 16:13 | Crear | Villager (Male) |
| 16:13 | Crear | Villager (Male) |
| 16:22 | Construir | House |
| 16:37 | Construir | Market |
| 16:47 | Construir | Market |
| 16:50 | Construir | Farm |
| 16:51 | Crear | Villager (Male) |
| 17:03 | Construir | House |
| 17:13 | Investigar | Forging |
| 17:47 | Construir | House |
| 18:09 | Crear | Villager (Male) |
| 18:09 | Crear | Villager (Male) |
| 18:16 | Investigar | Castle Age |
| 18:39 | Construir | Stable |
| 19:53 | Construir | Stable |
| 20:02 | Construir | Farm |
| 20:04 | Construir | Farm |
| 20:15 | Investigar | Loom |
| 20:18 | Investigar | Wheelbarrow |
| 20:30 | Construir | Stable |
| 20:56 | Edad | Edad de los Castillos |
| 20:58 | Crear | Camel Scout |
| 20:59 | Crear | Camel Scout |
| 20:59 | Crear | Camel Scout |
| 21:02 | Crear | Villager (Male) |
| 21:15 | Construir | Town Center |
| 21:22 | Crear | Camel Scout |
| 21:33 | Investigar | Husbandry |
| 21:40 | Crear | Camel Scout |
| 21:44 | Investigar | Gold Mining |
| 21:59 | Crear | Camel Scout |
| 21:59 | Crear | Camel Scout |
| 22:19 | Crear | Villager (Male) |
| 22:27 | Crear | Villager (Male) |
| 22:41 | Crear | Camel Scout |
| 22:41 | Crear | Camel Scout |
| 22:41 | Crear | Camel Scout |
| 22:41 | Crear | Camel Scout |
| 22:48 | Construir | House |
| 23:08 | Investigar | Iron Casting |
| 23:15 | Crear | Camel Scout |
| 23:36 | Crear | Camel Scout |
| 23:36 | Crear | Camel Scout |
| 23:39 | Crear | Villager (Male) |
| 23:39 | Crear | Villager (Male) |
| 23:39 | Crear | Villager (Male) |
| 23:42 | Crear | Villager (Male) |
| 23:42 | Crear | Villager (Male) |
| 24:03 | Crear | Camel Scout |
| 24:03 | Crear | Camel Scout |
| 24:03 | Crear | Camel Scout |
| 24:22 | Crear | Camel Scout |
| 24:28 | Construir | Stable |
| 24:45 | Crear | Camel Scout |
| 24:45 | Crear | Camel Scout |
| 24:51 | Crear | Villager (Male) |
| 24:51 | Crear | Villager (Male) |
| 24:53 | Investigar | Chain Barding Armor |
| 24:57 | Crear | Villager (Male) |
| 24:58 | Crear | Villager (Male) |
| 25:02 | Construir | Town Center |
| 25:03 | Crear | Villager (Male) |
| 25:03 | Crear | Villager (Male) |
| 25:09 | Crear | Villager (Male) |
| 25:11 | Crear | Camel Scout |
| 25:11 | Crear | Camel Scout |
| 25:33 | Crear | Camel Scout |
| 25:33 | Crear | Camel Scout |
| 25:33 | Crear | Camel Scout |
| 25:56 | Crear | Camel Scout |
| 25:56 | Crear | Camel Scout |
| 25:56 | Crear | Camel Scout |
| 25:57 | Crear | Camel Scout |
| 25:57 | Crear | Camel Scout |
| 26:10 | Construir | House |
| 26:11 | Construir | House |
| 26:19 | Crear | Villager (Male) |
Build order — ChuckieMagnets
Primeras 150 de 183 acciones detectadas
| 0:03 | Crear | Villager (Male) |
| 0:03 | Crear | Villager (Male) |
| 0:04 | Crear | Villager (Male) |
| 0:04 | Crear | Villager (Male) |
| 0:08 | Construir | House |
| 0:09 | Construir | House |
| 1:20 | Investigar | Loom |
| 1:53 | Crear | Villager (Male) |
| 1:54 | Crear | Villager (Male) |
| 2:07 | Crear | Villager (Male) |
| 2:08 | Crear | Villager (Male) |
| 2:44 | Crear | Villager (Male) |
| 2:44 | Crear | Villager (Male) |
| 3:19 | Crear | Villager (Male) |
| 3:19 | Crear | Villager (Male) |
| 3:39 | Crear | Villager (Male) |
| 3:39 | Crear | Villager (Male) |
| 3:40 | Crear | Villager (Male) |
| 3:58 | Construir | Palisade Wall |
| 4:35 | Construir | House |
| 4:42 | Crear | Villager (Male) |
| 4:42 | Crear | Villager (Male) |
| 4:43 | Crear | Villager (Male) |
| 5:29 | Crear | Villager (Male) |
| 5:30 | Crear | Villager (Male) |
| 5:46 | Construir | Mill |
| 5:52 | Crear | Villager (Male) |
| 5:52 | Crear | Villager (Male) |
| 6:13 | Construir | Palisade Wall |
| 6:46 | Crear | Villager (Male) |
| 6:51 | Construir | House |
| 7:08 | Crear | Villager (Male) |
| 7:08 | Crear | Villager (Male) |
| 7:54 | Crear | Villager (Male) |
| 8:07 | Construir | Palisade Wall |
| 8:20 | Crear | Villager (Male) |
| 8:42 | Construir | House |
| 8:50 | Construir | Palisade Wall |
| 8:54 | Crear | Villager (Male) |
| 9:12 | Crear | Villager (Male) |
| 9:18 | Investigar | Feudal Age |
| 9:21 | Investigar | Feudal Age |
| 9:29 | Construir | Mule Cart |
| 9:53 | Construir | House |
| 10:07 | Construir | Farm |
| 10:18 | Crear | Villager (Male) |
| 10:26 | Construir | Farm |
| 10:40 | Construir | Farm |
| 10:47 | Crear | Villager (Male) |
| 11:14 | Construir | Farm |
| 11:16 | Construir | Farm |
| 11:31 | Edad | Edad Feudal |
| 11:35 | Construir | Gate |
| 11:40 | Construir | Stone Wall |
| 11:57 | Crear | Villager (Male) |
| 12:12 | Crear | Villager (Male) |
| 12:17 | Construir | Blacksmith |
| 12:42 | Construir | Stone Wall |
| 12:50 | Construir | Farm |
| 13:11 | Construir | Market |
| 13:14 | Crear | Villager (Male) |
| 13:53 | Crear | Villager (Male) |
| 14:25 | Crear | Villager (Male) |
| 14:29 | Construir | Farm |
| 14:30 | Construir | Farm |
| 14:59 | Construir | Stone Wall |
| 15:06 | Construir | Stone Wall |
| 15:07 | Investigar | Castle Age |
| 15:20 | Crear | Villager (Male) |
| 15:57 | Crear | Villager (Male) |
| 16:24 | Construir | House |
| 16:26 | Construir | Farm |
| 16:31 | Construir | Barracks |
| 16:51 | Construir | House |
| 16:55 | Construir | House |
| 17:01 | Investigar | Double-Bit Axe |
| 17:41 | Construir | Gate |
| 17:45 | Construir | Stone Wall |
| 17:47 | Edad | Edad de los Castillos |
| 17:49 | Construir | Mule Cart |
| 18:03 | Crear | Villager (Male) |
| 18:17 | Crear | Villager (Male) |
| 18:40 | Construir | Stone Wall |
| 18:52 | Construir | Stable |
| 19:01 | Construir | Stone Wall |
| 19:11 | Investigar | Scale Barding Armor |
| 19:16 | Investigar | Bow Saw |
| 19:17 | Investigar | Gold Mining |
| 19:22 | Crear | Villager (Male) |
| 19:39 | Construir | Farm |
| 19:46 | Crear | Knight |
| 19:54 | Construir | House |
| 19:59 | Crear | Knight |
| 20:00 | Crear | Villager (Male) |
| 20:08 | Construir | Farm |
| 20:19 | Construir | Farm |
| 20:23 | Crear | Villager (Male) |
| 20:27 | Construir | House |
| 20:33 | Crear | Villager (Male) |
| 20:39 | Construir | Farm |
| 20:59 | Construir | Farm |
| 21:04 | Crear | Villager (Male) |
| 21:24 | Construir | House |
| 21:26 | Crear | Knight |
| 21:32 | Construir | House |
| 21:40 | Crear | Villager (Male) |
| 21:58 | Crear | Knight |
| 22:10 | Construir | House |
| 22:24 | Crear | Villager (Male) |
| 22:33 | Construir | Monastery |
| 22:38 | Crear | Knight |
| 22:49 | Construir | Farm |
| 23:09 | Crear | Knight |
| 23:13 | Crear | Monk |
| 23:19 | Construir | Gate |
| 23:33 | Construir | House |
| 23:35 | Crear | Villager (Male) |
| 23:41 | Crear | Monk |
| 23:59 | Construir | Stone Wall |
| 24:06 | Crear | Knight |
| 24:12 | Construir | Mule Cart |
| 24:13 | Crear | Villager (Male) |
| 24:16 | Construir | Farm |
| 24:19 | Construir | Farm |
| 24:27 | Crear | Knight |
| 24:27 | Crear | Knight |
| 24:57 | Crear | Knight |
| 25:01 | Investigar | Sanctity |
| 25:15 | Crear | Monk |
| 25:19 | Crear | Villager (Male) |
| 25:20 | Crear | Villager (Male) |
| 25:25 | Construir | Farm |
| 25:33 | Crear | Monk |
| 25:36 | Construir | Monastery |
| 25:44 | Construir | House |
| 25:48 | Crear | Villager (Male) |
| 25:54 | Construir | Castle |
| 26:01 | Crear | Monk |
| 26:08 | Investigar | Bloodlines |
| 26:30 | Crear | Villager (Male) |
| 26:31 | Crear | Villager (Male) |
| 26:32 | Construir | House |
| 26:35 | Construir | Stone Wall |
| 26:40 | Crear | Monk |
| 26:41 | Crear | Monk |
| 27:09 | Crear | Knight |
| 27:09 | Crear | Knight |
| 27:37 | Crear | Knight |
| 27:37 | Crear | Knight |
| 27:40 | Crear | Villager (Male) |
Build order — [GDL] Good_Guys
Primeras 150 de 216 acciones detectadas
| 0:02 | Crear | Villager (Male) |
| 0:02 | Crear | Villager (Male) |
| 0:05 | Construir | House |
| 0:06 | Construir | House |
| 0:11 | Crear | Villager (Male) ×2 |
| 0:11 | Crear | Villager (Male) ×2 |
| 1:35 | Crear | Villager (Male) |
| 2:05 | Construir | Lumber Camp |
| 2:13 | Crear | Villager (Male) |
| 2:13 | Crear | Villager (Male) |
| 2:14 | Crear | Villager (Male) |
| 2:35 | Crear | Villager (Male) |
| 2:35 | Crear | Villager (Male) |
| 3:10 | Crear | Villager (Male) |
| 3:10 | Crear | Villager (Male) |
| 3:28 | Crear | Villager (Male) |
| 4:00 | Construir | House |
| 4:07 | Construir | House |
| 4:15 | Crear | Villager (Male) |
| 4:15 | Crear | Villager (Male) |
| 4:25 | Construir | Mill |
| 4:30 | Crear | Villager (Male) |
| 4:30 | Crear | Villager (Male) |
| 5:03 | Crear | Villager (Male) |
| 5:06 | Crear | Villager (Male) |
| 5:09 | Crear | Villager (Male) |
| 5:35 | Crear | Villager (Male) |
| 6:29 | Crear | Villager (Male) |
| 7:03 | Investigar | Feudal Age |
| 7:38 | Construir | Mining Camp |
| 8:12 | Construir | Barracks |
| 8:37 | Construir | House |
| 8:38 | Construir | House |
| 8:49 | Crear | Villager (Male) |
| 8:49 | Crear | Villager (Male) |
| 9:13 | Edad | Edad Feudal |
| 9:32 | Investigar | Man-at-Arms (upgrade) |
| 9:36 | Construir | Blacksmith |
| 9:37 | Crear | Villager (Male) |
| 10:03 | Crear | Villager (Male) |
| 10:20 | Construir | Watch Tower |
| 10:32 | Crear | Villager (Male) |
| 10:41 | Construir | Siege Workshop |
| 11:01 | Crear | Villager (Male) |
| 11:12 | Crear | Villager (Male) |
| 11:15 | Construir | House |
| 11:38 | Crear | Battering Ram |
| 11:38 | Crear | Battering Ram |
| 11:43 | Crear | Villager (Male) |
| 11:51 | Construir | Watch Tower |
| 11:54 | Crear | Villager (Male) |
| 12:19 | Crear | Villager (Male) |
| 12:21 | Investigar | Double-Bit Axe |
| 12:39 | Crear | Battering Ram |
| 12:40 | Crear | Villager (Male) |
| 13:08 | Crear | Villager (Male) |
| 13:14 | Construir | House |
| 13:21 | Crear | Battering Ram |
| 13:34 | Crear | Villager (Male) |
| 14:06 | Crear | Villager (Male) |
| 14:09 | Crear | Battering Ram |
| 14:28 | Crear | Villager (Male) |
| 14:39 | Investigar | Gold Mining |
| 14:45 | Construir | Siege Workshop |
| 14:47 | Crear | Villager (Male) |
| 14:51 | Construir | Lumber Camp |
| 14:52 | Crear | Villager (Male) |
| 14:56 | Construir | Lumber Camp |
| 15:11 | Crear | Spearman |
| 15:11 | Crear | Spearman |
| 15:13 | Crear | Spearman |
| 15:14 | Crear | Spearman |
| 15:36 | Construir | House |
| 15:38 | Construir | House |
| 15:55 | Construir | House |
| 16:15 | Construir | House |
| 16:17 | Construir | Farm |
| 16:17 | Construir | Farm |
| 16:17 | Construir | Farm |
| 16:18 | Construir | Farm |
| 16:18 | Construir | Farm |
| 16:18 | Construir | Farm |
| 16:31 | Crear | Battering Ram |
| 16:34 | Crear | Villager (Male) |
| 16:34 | Crear | Villager (Male) |
| 16:57 | Construir | Mining Camp |
| 17:07 | Crear | Villager (Male) |
| 17:14 | Crear | Spearman |
| 17:15 | Crear | Spearman |
| 17:28 | Construir | Barracks |
| 17:43 | Crear | Villager (Male) |
| 17:47 | Construir | Farm |
| 17:47 | Construir | Farm |
| 17:48 | Construir | Farm |
| 17:48 | Construir | Farm |
| 17:48 | Construir | Farm |
| 17:48 | Construir | Farm |
| 18:03 | Crear | Spearman |
| 18:03 | Crear | Spearman |
| 18:10 | Construir | Palisade Wall |
| 18:10 | Construir | Palisade Wall |
| 18:12 | Construir | Palisade Wall |
| 18:15 | Construir | Palisade Wall |
| 18:16 | Construir | Palisade Wall |
| 18:17 | Construir | Palisade Wall |
| 18:30 | Crear | Spearman |
| 18:30 | Crear | Spearman |
| 18:41 | Crear | Spearman |
| 18:41 | Crear | Spearman |
| 18:56 | Crear | Villager (Male) |
| 19:02 | Construir | Mining Camp |
| 19:12 | Crear | Spearman |
| 19:33 | Investigar | Scale Mail Armor |
| 19:41 | Construir | Farm |
| 19:41 | Construir | Farm |
| 19:41 | Construir | Farm |
| 19:41 | Construir | Farm |
| 19:41 | Construir | Farm |
| 19:42 | Construir | Farm |
| 19:42 | Construir | Farm |
| 19:42 | Construir | Farm |
| 19:43 | Construir | Farm |
| 19:48 | Construir | Mill |
| 19:56 | Crear | Spearman ×2 |
| 20:09 | Crear | Spearman |
| 20:23 | Crear | Villager (Male) |
| 20:33 | Construir | Farm |
| 20:34 | Construir | Farm |
| 20:35 | Construir | Farm |
| 20:40 | Crear | Battering Ram |
| 20:42 | Crear | Spearman |
| 20:54 | Crear | Villager (Male) |
| 21:04 | Crear | Spearman |
| 21:20 | Crear | Villager (Male) |
| 21:24 | Construir | House |
| 21:25 | Construir | House |
| 21:29 | Construir | Town Center |
| 21:36 | Construir | Farm |
| 22:27 | Crear | Spearman |
| 22:27 | Crear | Spearman |
| 22:27 | Crear | Spearman |
| 22:30 | Investigar | Forging |
| 22:40 | Construir | Farm |
| 22:40 | Construir | Farm |
| 23:00 | Crear | Battering Ram |
| 23:15 | Crear | Spearman |
| 23:16 | Crear | Spearman |
| 23:16 | Crear | Spearman |
| 23:17 | Crear | Villager (Male) ×5 |
| 23:47 | Crear | Villager (Male) |
Build order — Boarderdudeman
Primeras 150 de 259 acciones detectadas
| 0:01 | Crear | Villager (Male) |
| 0:01 | Crear | Villager (Male) |
| 0:01 | Crear | Villager (Male) |
| 0:02 | Construir | House |
| 0:03 | Construir | House |
| 0:18 | Crear | Villager (Male) |
| 0:19 | Crear | Villager (Male) |
| 1:29 | Crear | Villager (Male) |
| 1:29 | Crear | Villager (Male) |
| 2:03 | Crear | Villager (Male) |
| 2:18 | Investigar | Loom |
| 2:18 | Crear | Villager (Male) |
| 2:30 | Construir | Lumber Camp |
| 3:02 | Crear | Villager (Male) |
| 3:11 | Crear | Villager (Male) |
| 3:41 | Construir | House |
| 3:43 | Crear | Villager (Male) |
| 3:43 | Crear | Villager (Male) |
| 4:16 | Construir | Palisade Wall |
| 4:18 | Crear | Villager (Male) |
| 4:38 | Crear | Villager (Male) |
| 4:38 | Crear | Villager (Male) |
| 5:15 | Crear | Villager (Male) |
| 5:33 | Construir | Palisade Gate |
| 5:39 | Crear | Villager (Male) |
| 5:51 | Construir | Mill |
| 5:52 | Crear | Villager (Male) |
| 6:21 | Construir | House |
| 6:23 | Construir | Palisade Wall |
| 6:35 | Crear | Villager (Male) |
| 6:45 | Construir | Mining Camp |
| 6:50 | Crear | Villager (Male) |
| 6:53 | Crear | Villager (Male) |
| 7:01 | Crear | Villager (Male) |
| 7:08 | Crear | Villager (Male) |
| 7:55 | Construir | House |
| 8:18 | Construir | Mill |
| 8:24 | Crear | Villager (Male) |
| 8:30 | Construir | House |
| 8:32 | Crear | Villager (Male) |
| 8:57 | Crear | Villager (Male) |
| 9:11 | Investigar | Feudal Age |
| 9:33 | Construir | Palisade Wall |
| 9:33 | Construir | Palisade Wall |
| 9:41 | Crear | Villager (Male) |
| 9:52 | Crear | Villager (Male) |
| 10:12 | Construir | Palisade Gate |
| 10:16 | Crear | Villager (Male) |
| 10:26 | Construir | Palisade Wall |
| 11:10 | Construir | Palisade Wall |
| 11:15 | Edad | Edad Feudal |
| 11:23 | Construir | Stone Wall |
| 11:27 | Construir | Gate |
| 11:32 | Crear | Villager (Male) |
| 11:41 | Crear | Villager (Male) |
| 11:43 | Construir | Farm |
| 11:44 | Construir | Farm |
| 11:44 | Construir | Farm |
| 11:44 | Construir | Farm |
| 11:44 | Construir | Farm |
| 11:45 | Construir | Farm |
| 11:46 | Crear | Villager (Male) |
| 11:46 | Crear | Villager (Male) |
| 11:52 | Crear | Villager (Male) |
| 11:54 | Crear | Villager (Male) |
| 11:57 | Investigar | Horse Collar |
| 11:57 | Investigar | Horse Collar |
| 12:23 | Crear | Villager (Male) |
| 12:27 | Construir | Farm |
| 12:34 | Crear | Villager (Male) |
| 12:43 | Crear | Villager (Male) |
| 12:46 | Crear | Villager (Male) |
| 13:05 | Investigar | Double-Bit Axe |
| 13:06 | Crear | Villager (Male) |
| 13:41 | Construir | Market |
| 14:05 | Construir | Blacksmith |
| 14:07 | Crear | Villager (Male) |
| 14:27 | Construir | Mining Camp |
| 14:39 | Investigar | Castle Age |
| 14:39 | Investigar | Castle Age |
| 14:46 | Crear | Villager (Male) |
| 15:10 | Crear | Villager (Male) |
| 15:23 | Investigar | Scale Barding Armor |
| 15:33 | Construir | Farm |
| 15:33 | Construir | Farm |
| 15:33 | Construir | Farm |
| 15:34 | Construir | Farm |
| 15:34 | Construir | Farm |
| 15:38 | Crear | Villager (Male) |
| 15:48 | Construir | Barracks |
| 15:49 | Crear | Villager (Male) |
| 16:14 | Crear | Villager (Male) |
| 16:36 | Construir | Stable |
| 17:05 | Edad | Edad de los Castillos |
| 17:12 | Investigar | Gold Mining |
| 17:17 | Crear | Knight |
| 17:17 | Crear | Knight |
| 17:19 | Crear | Villager (Male) |
| 17:22 | Construir | Stable |
| 17:24 | Crear | Villager (Male) |
| 17:33 | Investigar | Bow Saw |
| 17:34 | Investigar | Bow Saw |
| 17:44 | Crear | Knight |
| 17:45 | Crear | Knight |
| 17:53 | Construir | House |
| 18:10 | Crear | Knight |
| 18:15 | Crear | Villager (Male) |
| 18:20 | Investigar | Town Watch |
| 18:38 | Crear | Villager (Male) |
| 18:39 | Crear | Villager (Male) |
| 18:50 | Crear | Villager (Male) |
| 19:02 | Construir | Town Center |
| 19:02 | Crear | Villager (Male) |
| 19:16 | Construir | House |
| 19:16 | Construir | House |
| 19:32 | Construir | Archery Range |
| 19:36 | Crear | Villager (Male) |
| 19:38 | Construir | Farm |
| 19:45 | Crear | Villager (Male) |
| 19:50 | Crear | Villager (Male) |
| 19:57 | Construir | Farm |
| 19:57 | Construir | Farm |
| 20:12 | Crear | Villager (Male) |
| 20:13 | Crear | Villager (Male) |
| 20:27 | Crear | Villager (Male) |
| 20:29 | Construir | House |
| 20:36 | Crear | Cavalry Archer |
| 20:36 | Crear | Cavalry Archer |
| 20:38 | Crear | Villager (Male) |
| 20:49 | Construir | Lumber Camp |
| 20:49 | Crear | Villager (Male) |
| 21:04 | Crear | Villager (Male) |
| 21:04 | Crear | Villager (Male) |
| 21:11 | Crear | Cavalry Archer |
| 21:15 | Crear | Villager (Male) |
| 21:28 | Crear | Cavalry Archer |
| 21:30 | Investigar | Fletching |
| 21:36 | Crear | Villager (Male) |
| 21:52 | Crear | Cavalry Archer |
| 21:52 | Crear | Cavalry Archer |
| 22:02 | Crear | Villager (Male) |
| 22:15 | Crear | Cavalry Archer |
| 22:21 | Crear | Cavalry Archer |
| 23:00 | Crear | Villager (Male) |
| 23:07 | Crear | Villager (Male) |
| 23:08 | Crear | Villager (Male) |
| 23:09 | Crear | Camel Scout |
| 23:09 | Crear | Camel Scout |
| 23:23 | Crear | Villager (Male) |
| 23:24 | Crear | Villager (Male) |
Cronología de la partida
| 3:58 | ChuckieMagnets · wall_segment Palisade Wall x10 |
| 4:16 | Boarderdudeman · wall_segment Palisade Wall x12 |
| 6:13 | ChuckieMagnets · wall_segment Palisade Wall x8 |
| 6:23 | Boarderdudeman · wall_segment Palisade Wall x1 |
| 8:07 | ChuckieMagnets · wall_segment Palisade Wall x3 |
| 8:11 | weniaasdf · first_building Barracks |
| 8:12 | [GDL] Good_Guys · first_building Barracks |
| 8:50 | ChuckieMagnets · wall_segment Palisade Wall x1 |
| 9:13 | [GDL] Good_Guys · age_up feudal |
| 9:19 | weniaasdf · age_up feudal |
| 9:20 | weniaasdf · first_building Archery Range |
| 9:33 | Boarderdudeman · wall_segment Palisade Wall x3 |
| 9:33 | Boarderdudeman · wall_segment Palisade Wall x1 |
| 9:49 | B.Alejandro · first_building Barracks |
| 10:26 | Boarderdudeman · wall_segment Palisade Wall x2 |
| 10:41 | [GDL] Good_Guys · first_building Siege Workshop |
| 10:42 | B.Alejandro · age_up feudal |
| 11:06 | B.Alejandro · first_building Stable |
| 11:10 | Boarderdudeman · wall_segment Palisade Wall x1 |
| 11:15 | Boarderdudeman · age_up feudal |
| 11:23 | Boarderdudeman · wall_segment Stone Wall x3 |
| 11:31 | ChuckieMagnets · age_up feudal |
| 11:40 | ChuckieMagnets · wall_segment Stone Wall x6 |
| 11:44 | Madbun · age_up feudal |
| 12:42 | ChuckieMagnets · wall_segment Stone Wall x18 |
| 13:46 | Madbun · wall_segment Palisade Wall x3 |
| 13:57 | Madbun · first_building Barracks |
| 14:14 | weniaasdf · wall_segment Stone Wall x14 |
| 14:15 | weniaasdf · wall_segment Stone Wall x14 |
| 14:35 | Madbun · first_building Stable |
| 14:35 | Boarderdudeman · first_market_sell 100 stone |
| 14:39 | Madbun · wall_segment Palisade Wall x1 |
| 14:44 | ChuckieMagnets · first_market_sell 100 wood |
| 14:45 | ChuckieMagnets · first_market_buy 100 stone |
| 14:58 | weniaasdf · wall_segment Stone Wall x9 |
| 14:59 | ChuckieMagnets · wall_segment Stone Wall x10 |
| 15:00 | weniaasdf · wall_segment Stone Wall x3 |
| 15:01 | Madbun · age_up castle |
| 15:06 | weniaasdf · wall_segment Stone Wall x8 |
| 15:06 | ChuckieMagnets · wall_segment Stone Wall x6 |
| 15:07 | weniaasdf · wall_segment Stone Wall x10 |
| 15:48 | Boarderdudeman · first_building Barracks |
| 16:31 | ChuckieMagnets · first_building Barracks |
| 16:36 | Boarderdudeman · first_building Stable |
| 17:05 | Boarderdudeman · age_up castle |
| 17:45 | ChuckieMagnets · wall_segment Stone Wall x3 |
| 17:47 | ChuckieMagnets · age_up castle |
| 17:53 | B.Alejandro · first_market_buy 100 food |
| 18:10 | [GDL] Good_Guys · wall_segment Palisade Wall x1 |
| 18:10 | [GDL] Good_Guys · wall_segment Palisade Wall x1 |
| 18:12 | [GDL] Good_Guys · wall_segment Palisade Wall x1 |
| 18:15 | [GDL] Good_Guys · wall_segment Palisade Wall x1 |
| 18:16 | [GDL] Good_Guys · wall_segment Palisade Wall x1 |
| 18:17 | [GDL] Good_Guys · wall_segment Palisade Wall x1 |
| 18:40 | ChuckieMagnets · wall_segment Stone Wall x5 |
| 18:52 | ChuckieMagnets · first_building Stable |
| 18:55 | Boarderdudeman · first_market_buy 100 stone |
| 19:01 | ChuckieMagnets · wall_segment Stone Wall x1 |
| 19:32 | Boarderdudeman · first_building Archery Range |
| 20:56 | B.Alejandro · age_up castle |
| 22:33 | ChuckieMagnets · first_building Monastery |
| 23:33 | weniaasdf · age_up castle |
| 23:59 | ChuckieMagnets · wall_segment Stone Wall x2 |
| 25:54 | Madbun · first_building Siege Workshop |
| 25:54 | ChuckieMagnets · first_building Castle |
| 25:58 | weniaasdf · first_building Castle |
| 26:35 | ChuckieMagnets · wall_segment Stone Wall x1 |
| 27:43 | Boarderdudeman · first_building Siege Workshop |
| 29:04 | Madbun · first_building Castle |
| 29:10 | B.Alejandro · first_building Monastery |
| 29:39 | [GDL] Good_Guys · age_up castle |
| 32:22 | Madbun · first_market_sell 500 stone |
| 32:24 | Madbun · first_market_buy 100 food |
| 33:24 | ChuckieMagnets · resign |
| 33:30 | B.Alejandro · first_building Castle |
[ ANÁLISIS IA · 1 CRÉDITO ]
¿Qué pasó realmente en esta partida?
Wolo.gg analiza cada decisión: build order, eco, micro, errores típicos por bracket. Análisis personalizado por WhatsApp o Discord en 30 segundos.
Guía civ
Portugueses
Perfil
Jugador #292113